 Dungeon Crawl Stone Soup version 0.30.0-18-gc0e69614cb (webtiles) character file.

Game seed: 5152523223505282472

928 monsoonserge the Chopper (level 7, -1/62 HPs)
             Began as a Minotaur Fighter on May 23, 2023.
             Was an Initiate of Nemelex Xobeh.
             Slain by an ogre
             ... wielding a +0 giant club
              (29 damage)
             ... on level 4 of the Dungeon.
             The game lasted 00:05:31 (3186 turns).

monsoonserge the Chopper (Minotaur Fighter)         Turns: 3186, Time: 00:05:32

Health: -1/62      AC: 11    Str: 22    XL:     7   Next: 85%
Magic:  6/6        EV:  8    Int:  5    God:    Nemelex Xobeh [......]
Gold:   207        SH:  5    Dex: 10    Spells: 6/6 levels left

rFire   . . .        a - +0 war axe
rCold   . . .        c - +0 buckler
rNeg    . . .        p - +0 chain mail
rPois   .            (helmet restricted)
rElec   .            (no cloak)
rCorr   .            (no gloves)
SInv    .            i - +0 pair of boots
Will    .....        (no amulet) Stlth
                     (no ring)
HPRegen 0.30/turn    (no ring)
MPRegen 0.10/turn

%: no passive effects
@: no status effects
A: horns 2, retaliatory headbutt
a: Renounce Religion, Draw Escape, Draw Destruction, Draw Summoning


You were on level 4 of the Dungeon.
You worshipped Nemelex Xobeh.
Nemelex Xobeh was noncommittal.
You visited 1 branch of the dungeon, and saw 4 of its levels.

You collected 207 gold pieces.

Inventory:

Hand Weapons
 a - a +0 war axe (weapon)
Missiles
 e - 3 boomerangs (quivered)
 r - 5 poisoned darts
Armour
 c - a +0 buckler (worn)
 i - a +0 pair of boots (worn)
 p - a +0 chain mail (worn)
Scrolls
 b - a scroll of amnesia {unknown}
 f - 2 scrolls of blinking {unknown}
 g - 8 scrolls of identify {unknown}
 h - 2 scrolls of poison {unknown}
 k - a scroll of teleportation {unknown}
 l - a scroll of fog {unknown}
Potions
 d - 2 potions of might
 j - 2 potions of curing {unknown}
 m - a potion of haste
 n - a potion of invisibility {unknown}
 o - a potion of lignification {unknown}
 q - a potion of brilliance {unknown}
 s - a potion of heal wounds {unknown}
 t - a potion of mutation {unknown}


   Skills:
 + Level 5.7 Fighting
 + Level 7.6 Axes
 + Level 6.1 Armour
 + Level 1.8 Dodging
 + Level 0.1 Stealth
 + Level 5.0 Shields


You had 6 spell levels left.
You didn't know any spells.
Your spell library was empty.

Dungeon Overview and Level Annotations

Branches:
Dungeon (4/15)
 Temple: D:4-7

Altars:
Nemelex Xobeh


Innate Abilities, Weirdness & Mutations

You have a pair of horns on your head.
You reflexively headbutt those who attack you in melee.


Message History

The goblin hits you with a +0 war axe.
You closely miss the goblin. The goblin barely misses you.
You slash the goblin!
You kill the goblin!
You hit the hound zombie.
The hound zombie is heavily damaged.
The hound zombie closely misses you.
The hound zombie bites you but does no damage.
You slash the hound zombie!
The hound zombie is almost destroyed.
You block the hound zombie's attack.
You slash the hound zombie!
You destroy the hound zombie!
Your Shields skill increases to level 5!
g - 8 scrolls labelled PUATRA FUUZIRI (gained 1)
You now have 207 gold pieces (gained 22).
Things that are here:
a +0 war axe; a +0 sling; a +0 leather armour
t - a viscous red potion An ogre comes into view.
It is wielding a +0 giant club.
The ogre hits you with a +0 giant club!
You slash the ogre!
The ogre is moderately wounded.
You block the ogre's attack.
You hit the ogre. You headbutt the ogre.
The ogre is moderately wounded.
The ogre hits you with a +0 giant club!
You barely miss the ogre.
The ogre is moderately wounded.
You slash the ogre!
The ogre is almost dead.
The ogre hits you with a +0 giant club!
You barely miss the ogre. You headbutt the ogre.
The ogre is almost dead.
The ogre misses you.
You barely miss the ogre.
The ogre is almost dead.
The ogre hits you with a +0 giant club!!
You die...
Your body disappears without a glow.

##.....## #. .. #..
##...## #. ### ##'##
# #.# # ##### #.# #
#.....#)## ##
#....## #.
#.....##########. ##
#........@O...... #
.....#..############
##......# #.###..#
#. ...# # ##.## #.
#.


You could see an ogre.

Vanquished Creatures
  3 phantoms (D:4)
  A scorpion (D:4)
  A water moccasin zombie (D:4)
  A centaur zombie (D:4)
  A bullfrog zombie (D:4)
  A centaur skeleton (D:4)
  2 hounds
  2 orc priests
  Jessica (D:2)
  2 scorpion zombies (D:4)
  Natasha (D:2)
  3 orc wizards
  2 hound zombies (D:4)
  2 hound skeletons (D:4)
  A howler monkey zombie (D:4)
  3 adders (D:3)
  A howler monkey skeleton (D:4)
  An adder skeleton (D:4)
  4 adder zombies (D:4)
  3 worms
  7 orcs
  6 ball pythons
  6 endoplasms
  3 giant cockroaches
  4 goblins
  8 hobgoblins
  7 kobolds
  5 quokkas
  3 bats
  4 frilled lizards (D:1)
  5 rats
94 creatures vanquished.

Notes
Turn   | Place    | Note
-------+----------+-------------------------------------------
     0 | D:1      | monsoonserge the Minotaur Fighter began the quest for the
                  | Orb.
     0 | D:1      | Reached XP level 1. HP: 19/19 MP: 0/0
   176 | D:1      | Reached XP level 2. HP: 21/27 MP: 1/1
   760 | D:2      | Reached XP level 3. HP: 33/33 MP: 2/2
   874 | D:2      | Noticed Jessica
   876 | D:2      | Noticed Natasha
   878 | D:2      | Killed Jessica
   879 | D:2      | Reached skill level 3 in Axes
   882 | D:2      | Killed Natasha
   883 | D:2      | Reached XP level 4. HP: 27/40 MP: 3/3
  1478 | D:3      | Found a sparkling altar of Nemelex Xobeh.
  1483 | D:3      | Became a worshipper of Nemelex Xobeh the Trickster
  1550 | D:3      | Reached skill level 4 in Axes
  1550 | D:3      | Reached skill level 1 in Dodging
  1702 | D:3      | Reached XP level 5. HP: 27/47 MP: 4/4
  2489 | D:4      | Noticed a phantom
  2501 | D:4      | Killed a phantom
  2502 | D:4      | Reached skill level 5 in Fighting
  2502 | D:4      | Reached skill level 5 in Axes
  2502 | D:4      | Reached skill level 5 in Armour
  2502 | D:4      | Reached XP level 6. HP: 50/56 MP: 5/5
  2751 | D:4      | Reached skill level 6 in Axes
  2751 | D:4      | Reached XP level 7. HP: 48/61 MP: 6/6
  3109 | D:4      | Reached skill level 7 in Axes
  3170 | D:4      | Reached skill level 5 in Shields
  3186 | D:4      | Slain by an ogre

Illustrated notes

Levels and vault maps discovered:
D:1:      dpeg_arrival_water_temple_mockup, layout_loops_ring,
          hangedman_decor_riveting
D:2:      layout_basic, uniq_natasha, uniq_jessica
D:3:      layout_loops_corners, nemelex_xobeh_ov_fountains_minmay,
          kennysheep_generic_room_10
D:4:      layout_loops_corners, jmf_multi_god_temple, serial_undead,
          serial_undead_e, serial_undead_d, serial_undead_f, serial_undead_d,
          serial_undead_d, serial_undead_e, serial_undead_d, serial_undead_b,
          st_stairs_3

Skill      XL: |  1  2  3  4  5  6  7 |
---------------+----------------------+-----
Fighting       | 4 5 |  5.7
Shields        | 4 5 |  5.0
Armour         | 4 5 6 |  6.1
Axes           | 3 4 5 6 7 |  7.6
Dodging        | 1 |  1.8
Stealth        | |  0.1

Action                     |  1- 3 |  4- 6 |  7- 9 || total
---------------------------+-------+-------+-------++-------
  Melee: War axe           |    64 |   127 |    83 ||   274
         Headbutt          |     7 |    22 |    15 ||    44
 Armour: Scale mail        |    18 |     8 |       ||    26
         Chain mail        |       |    49 |    58 ||   107
  Dodge: Dodged            |    30 |    45 |    30 ||   105
  Block: Buckler           |    16 |    26 |    14 ||    56
